 Dungeon Sprint DCSS version 0.30-a0-953-g5f1da4a474 (webtiles) character file.

Game seed: 16189618425528714770

61 Parcival the Covered (level 3, -2/37 HPs)
             Began as a Minotaur Fighter on Mar 28, 2023.
             Slain by a water elemental (9 damage)
             ... in the Dungeon (Sprint III: "The Ten Rune Challenge").
             The game lasted 00:00:47 (171 turns).

Parcival the Covered (Minotaur Fighter)              Turns: 171, Time: 00:00:49

Health: -2/37      AC:  7    Str: 22    XL:     3   Next: 83%
Magic:  2/2        EV:  9    Int:  5    God:
Gold:   5          SH:  5    Dex:  9    Spells: 2/2 levels left

rFire   . . .      SeeInvis .    a - +0 war axe
rCold   . . .      Faith    .    c - +0 buckler
rNeg    . . .      Spirit   .    b - +0 scale mail
rPois   .          Reflect  .    (helmet restricted)
rElec   .          Rampage  .    (no cloak)
rCorr   .          NoTele   +    (no gloves)
Will    .....                    (no boots) Stlth
                                 (no amulet)
HPRegen 0.26/turn                (no ring)
MPRegen 0.08/turn                (no ring)

@: engulfed (cannot breathe)
A: horns 2, retaliatory headbutt
a: no special abilities


You were in the Dungeon.
You visited 1 branch You collected 5 gold pieces.

Inventory:

Hand Weapons
 a - a +0 war axe (weapon)
Armour
 b - a +0 scale mail (worn)
 c - a +0 buckler (worn)
Scrolls
 j - a scroll of blinking
Potions
 d - a potion of might
 e - a potion of curing
 f - a potion of heal wounds
 g - a potion of haste
 h - 2 potions of magic
 i - a potion of berserk rage


   Skills:
 + Level 6.0 Fighting
 + Level 4.1 Axes
 + Level 6.2 Armour
 + Level 5.9 Shields


You had 2 spell levels left.
You didn't know any spells.
Your spell library was empty.

Dungeon Overview and Level Annotations

Branches:
Dungeon (1/1)

Altars:


Innate Abilities, Weirdness & Mutations

You have a pair of horns on your head.
You reflexively headbutt those who attack you in melee.


Message History

The human closely misses you.
You slash the human! Your headbutt misses the human.
The human is severely wounded.
The human hits you but does no damage. The human barely misses you.
You barely miss the human. You headbutt the human!
The human is almost dead.
The human hits you.
You barely miss the human.
The human is almost dead.
The human barely misses you. You furiously retaliate!
You headbutt the human.
You kill the human!
A wolf comes into view.
The wolf howls!
A wolf is nearby!
The wolf bites you! The wolf barely misses you.
You miss the wolf. The wolf barely misses you. You furiously retaliate!
You headbutt the wolf!
You kill the wolf!
Your Fighting skill increases to level 6!
Your Axes skill increases to level 4!
Your Armour skill increases to level 6!
You open the door.
A water elemental comes into view.
You hit the water elemental. You headbutt the water elemental.
The water elemental is lightly damaged.
The water elemental barely misses you. You block the water elemental's attack.
You hit the water elemental.
The water elemental is moderately damaged.
The water elemental hits you!
You hit the water elemental.
The water elemental is moderately damaged.
The water elemental hits you.
The water elemental engulfs you in water!
You slash the water elemental!
The water elemental is severely damaged.
Your lungs strain for air!
The water elemental hits you!
* * * LOW HITPOINT WARNING * * *
The water elemental hits you!
You die...

▓▓▓ ▓▓▓ <.# ..♣♣ ♣.# ..#
....♣ ♣.# #'####....♣.
♣♣.# .†...#....~.♣♣♣..#
#+#+#
.....#...~~..♣♣..#......
..)..#..~~~~.♣♣.@E.⌠....
####'#..~≈≈~~~...#...###
[....#.~~≈~~~....#.⌠.#
.....#.~≈~~~.....# ..#
.....#.~~~.......# ###
'#####...........#
.................#
▓▓▓▓▓▓▓▓▓▓▓▓▓▓▓▓▓▓


You could see a water elemental.

Vanquished Creatures
  Jessica (D)
  A human (D)
  A wolf (D)
  An endoplasm (D)
  2 rats (D)
6 creatures vanquished.

Notes
Turn   | Place    | Note
-------+----------+-------------------------------------------
     0 | D        | Parcival the Minotaur Fighter began the quest for the Orb.
     0 | D        | Reached XP level 1. HP: 19/19 MP: 0/0
    12 | D        | Noticed Jessica
    18 | D        | Killed Jessica
    19 | D        | Reached skill level 5 in Fighting
    19 | D        | Reached skill level 5 in Armour
    19 | D        | Reached skill level 5 in Shields
    19 | D        | Reached XP level 2. HP: 18/29 MP: 1/1
    19 | D        | Reached XP level 3. HP: 22/36 MP: 2/2
   166 | D        | Noticed a water elemental
   171 | D        | Slain by a water elemental

Illustrated notes

Levels and vault maps discovered:
D:        dungeon_sprint_mu [sprint_mu_entry_forest, sprint_mu_temple_rooms,
          sprint_mu_d1_horrors, sprint_mu_d2_genie, sprint_mu_d3_branching,
          sprint_mu_orc_legion, sprint_mu_elf_gauntlet, sprint_mu_hive_nellie,
          sprint_mu_lair_fedhas, sprint_mu_vaults_butterflies,
          sprint_mu_slime_circle, sprint_mu_swamp_cave, sprint_mu_shoals_archi,
          sprint_mu_blade_basic, sprint_mu_crypt_lich, sprint_mu_tomb_spiral,
          sprint_mu_vestibule_basic, sprint_mu_gehenna_hellfire,
          sprint_mu_dis_giant, sprint_mu_tartarus_statrot,
          sprint_mu_cocytus_islands, sprint_mu_zot1]

Skill      XL: |  1  2  3 |
---------------+----------+-----
Fighting       | 5 6 |  6.0
Armour         | 5 6 |  6.2
Shields        | 5 |  5.9
Axes           | 3 4 |  4.1

Action                     || total
---------------------------++-------
  Melee: War axe           ||    16
         Headbutt          ||     3
 Armour: Scale mail        ||     5
  Dodge: Dodged            ||    11
  Block: Buckler           ||     1

Table legend: (Time is in decaauts)
 A = Elapsed time spent in this place.
 B = Non-inter-level travel time spent in this place.
 C = Inter-level travel time spent in this place.
 D = Time resting spent in this place.
 E = Time spent auto-exploring this place.
 F = Levels seen in this place.
 G = Mean time per level.
                   A        B        C        D        E       F      G
               +--------+--------+--------+--------+--------+-----+--------+
         Total |    176 |    176 |      0 |      0 |    127 |   1 |  176.0 |
       Dungeon |    176 |    176 |      0 |      0 |    127 |   1 |  176.0 |
               +--------+--------+--------+--------+--------+-----+--------+

Top non-repeatable levels by time:
       D: 176 daAuts
